 Dungeon Crawl Stone Soup version 0.22-a0-433-gd2a9cce0b5 (webtiles) character file.

250 Ordine the Slasher (level 6, -6/66 HPs)
             Began as an Octopode Fighter on May 27, 2018.
             Killed from afar by an orc wizard (8 damage)
             ... with a magic dart
             ... on level 4 of the Dungeon.
             The game lasted 00:06:23 (2282 turns).

Ordine the Slasher (Octopode Fighter)               Turns: 2282, Time: 00:06:23

Health: -6/66      AC: 23    Str: 16    XL:     6   Next: 13%
Magic:  6/6        EV:  2    Int: 17    God:
Gold:   111        SH:  9    Dex: 11    Spells: 5/5 levels left

rFire    . . .     SeeInvis .   a - +1 long sword
rCold    . . .     Gourm    .   b - +1 shield
rNeg     + + +     Faith    .   (helmet currently unavailable)
rPois    +         Spirit   .   (no amulet)
rElec    .         Reflect  .   (no ring)
rCorr    .         Harm     .   (no ring)
MR       .....     NoTele   +   (no ring)
Stlth    +.........             (no ring)
HPRegen  0.21/turn              (no ring)
MPRegen  0.10/turn              (no ring)
                                (no ring)
                                (no ring)

@: brilliant, tree-form
A: almost no armour, stealthy swim, (amphibious), 8 rings, (constrict 8)
a: no special abilities


You were on level 4 of the Dungeon.
You were hungry.
You were a tree.
You visited 1 branch of the dungeon, and saw 4 of its levels.

You collected 111 gold pieces.

Inventory:

Hand Weapons
 a - a +1 long sword (weapon)
 p - a +0 blowgun
Missiles
 f - 30 poisoned needles
 t - 8 javelins (quivered)
Armour
 b - a +1 shield (worn)
Scrolls
 j - a scroll of teleportation
 k - 3 scrolls of enchant weapon
 m - 2 scrolls of amnesia
 o - 2 scrolls of remove curse
Potions
 c - a potion of might
 e - 2 potions of resistance
 g - a potion of haste
 l - a potion of mutation {unknown}
 n - a potion of berserk rage {unknown}
 q - a potion of brilliance
 r - a potion of magic {unknown}
Comestibles
 d - 5 rations


   Skills:
 + Level 4.5 Fighting
 * Level 5.2 Long Blades
 - Level 3.0 Dodging
 - Level 3.0 Shields


You had 5 spell levels left.
You didn't know any spells.
Your spell library was empty.

Dungeon Overview and Level Annotations

Branches:
Dungeon (4/15)
 Temple: D:4-7

Altars:


Innate Abilities, Weirdness & Mutations

You cannot wear most types of armour.
You are very stealthy in the water. (Stealth+)
((You are amphibious.))
You can wear up to eight rings at the same time.
((You can use your tentacles to constrict eight enemies at once.))
((Your skin changes colour to match your surroundings (Stealth+).))
((Your rubbery body absorbs attacks. (AC +1, EV +1)))


Message History

A puff of flame appears from out of thin air!
The puff of flame hits you!
* * * LOW HITPOINT WARNING * * *
Something hits you but does no damage.
You barely miss something. Something hits you but does no damage.
You slash something!
You are feeling hungry.
Something hits you but does no damage. x2
It was a potion of brilliance.
You feel clever all of a sudden.
Something hits you but does no damage. x2
You barely miss something.
You hear some strange, mumbled words.
A puff of flame appears from out of thin air!
The puff of flame hits you!
* * * LOW HITPOINT WARNING * * *
You hear some strange, mumbled words.
A magic dart appears from out of thin air!
The magic dart hits you!
You die...

#... .o.l..#
#...##.o.....#.#
#...o....#....#### #..#
#.#....######### #..#
#.#.......#..... ##..##
#(##............ #....###
#.#.............
#.##.ol####.#......§......
#. ###oo{♣.........§§.....
.. ######.#.....§§....(.
... #......§§§§..... ..#
###....§§§§..... .##
####....§§§§.....
.$.......§§.#.....
####......########
#......# #......#


You could see 3 orcs and a frilled lizard.

Vanquished Creatures
  A scorpion (D:4)
  A bullfrog skeleton (D:4)
  Jessica (D:2)
  5 adders
  An ooze (D:2)
  4 worms
  2 dart slugs (D:2)
  5 leopard geckos
  An orc (D:4)
  4 giant cockroaches
  8 hobgoblins
  4 jackals (D:3)
  2 quokkas (D:3)
  5 bats
  5 frilled lizards
  11 goblins
  8 kobolds
  12 rats
80 creatures vanquished.

Notes
Turn   | Place    | Note
-------+----------+-------------------------------------------
     0 | D:1      | Ordine the Octopode Fighter began the quest for the Orb.
     0 | D:1      | Reached XP level 1. HP: 16/16 MP: 1/1
    65 | D:1      | Reached XP level 2. HP: 21/21 MP: 2/2
   483 | D:1      | Reached skill level 3 in Long Blades
   502 | D:1      | Reached XP level 3. HP: 26/26 MP: 3/3
  1065 | D:2      | Reached XP level 4. HP: 33/33 MP: 4/4
  1249 | D:2      | Noticed Jessica
  1256 | D:2      | Killed Jessica
  1256 | D:2      | Reached skill level 4 in Long Blades
  1641 | D:3      | Reached XP level 5. HP: 34/37 MP: 5/5
  2262 | D:4      | Reached skill level 5 in Long Blades
  2267 | D:4      | Reached XP level 6. HP: 28/44 MP: 6/6
  2282 | D:4      | HP: 2/66 [something/puff of flame (5)]
  2282 | D:4      | Killed from afar by an orc wizard

Vault maps used:
D:1:      saegor_arrival_simple_c, moated_statue, st_stairs_3
D:2:      uniq_jessica
D:4:      gammafunk_temple_overflow_elements, marbit_many_paths

Skill      XL: |  1  2  3  4  5 |
---------------+----------------+-----
Long Blades    | 3 4 5 |  5.2
Fighting       | 4 |  4.5
Dodging        | |  3.0
Shields        | |  3.0

Action                   |  1- 3 |  4- 6 || total
-------------------------+-------+-------++-------
Melee: Long sword        |    53 |    85 ||   138
       Constrict         |    19 |    21 ||    40
       Tentacles         |     9 |    18 ||    27
  Use: Scroll            |       |    11 ||    11
       Potion            |       |     2 ||     2
 Stab: Sleeping          |     8 |    10 ||    18
  Eat: Chunk             |       |     4 ||     4
Armor: Skin              |     4 |    15 ||    19
Dodge: Dodged            |    19 |    23 ||    42
Block: Shield            |    19 |    21 ||    40
       Rpst.: Long sword |     3 |     8 ||    11

Table legend:
 A = Spawn XP
 B = Non-spawn XP
 C = Spawn XP percentage of total XP
 D = Spawn monster count
 E = Non-spawn monster count
 F = Spawn count percentage of total count
 G = Total turns spent on level
                    A         B        C        D         E        F      G
               +---------+---------+-------+---------+---------+-------+---------
         Total |       0 |     358 |   0.0 |       0 |      80 |   0.0 |  2282
               +---------+---------+-------+---------+---------+-------+---------
           D:1 |       0 |      38 |   0.0 |       0 |      24 |   0.0 |   726
           D:2 |       0 |     115 |   0.0 |       0 |      25 |   0.0 |   777
           D:3 |       0 |      80 |   0.0 |       0 |      27 |   0.0 |   625
           D:4 |       0 |     125 |   0.0 |       0 |       4 |   0.0 |   154
               +---------+---------+-------+---------+---------+-------+---------
